 Dungeon Crawl Stone Soup version 0.30-a0-702-gdf48620a09 (webtiles) character file.

Game seed: 11610476964468676454

24205 themarg the Fighter (level 13, -12/109 HPs)
             Began as a Barachi Summoner on Jan 21, 2023.
             Was a High Priest of Cheibriados.
             Mangled by a death yak (28 damage)
             ... on level 2 of the Lair of Beasts.
             The game lasted 01:00:41 (14356 turns).

themarg the Fighter (Barachi Summoner)             Turns: 14356, Time: 01:00:42

Health: -12/109    AC:  5    Str: 23    XL:     13   Next: 11%
Magic:  24/27      EV: 18    Int: 29    God:    Cheibriados [*****.]
Gold:   265        SH:  0    Dex: 27    Spells: 8/32 levels left

rFire   . . .      SeeInvis +    b - +0 dagger (venom)
rCold   + . .      Faith    .    (no shield)
rNeg    . . .      Spirit   .    l - +0 robe
rPois   .          Reflect  .    T - +1 helmet {rF+}
rElec   .          Harm     .    x - +0 cloak
rCorr   .          Rampage  .    (no gloves)
Will    +....                    (no boots)
Stlth   +++                      (no amulet)
HPRegen 0.38/turn                D - ring of see invisible
MPRegen 0.20/turn                c - ring of the Frog {Ice Will+ Int-5 Dex+2 Slay+2}

@: forested, unable to hop, very slow
A: amphibious, slowness 1, strong legs 2, +LOS
a: Hop, Renounce Religion, Bend Time, Temporal Distortion, Slouch, Step From
Time


You were on level 2 of the Lair of Beasts.
You worshipped Cheibriados.
Cheibriados was extremely pleased with you.
You visited 3 branches of the dungeon, and saw 14 of its levels.

You collected 826 gold pieces.
You spent 561 gold pieces at shops.

Inventory:

Hand Weapons
 a - a +2 sling of draining
 b - a +0 dagger of venom (weapon)
 C - a +0 spear
Missiles
 f - 119 stones
 m - 4 curare-tipped darts
 q - 3 javelins
 u - 25 poisoned darts (quivered)
 y - 2 boomerangs of dispersal
 F - 16 silver boomerangs
 I - 7 boomerangs
 J - 4 throwing nets
 V - 6 atropa-tipped darts
Armour
 l - a +0 robe (worn)
 t - a +0 leather armour
 x - a +0 cloak (worn)
 T - a +1 helmet of fire resistance (worn)
 U - the +4 scale mail "Riufusm" {Str+8 Int-5 Dex+2}
   (You found it on level 1 of the Lair of Beasts)

   Str:       It affects your strength (+8).
   Int:       It affects your intelligence (-5).
   Dex:       It affects your dexterity (+2).
 X - the +0 robe of Ceduoqis {rPois rF- Str+3}
   (You found it on level 1 of the Lair of Beasts)

   Str:       It affects your strength (+3).
   rF:        It makes you vulnerable to fire.
   rPois:     It protects you from poison.
Jewellery
 c - the ring of the Frog (right hand) {Ice Will+ Int-5 Dex+2 Slay+2}
   (You found it on level 7 of the Dungeon)

   [ring of ice]

   It enhances your ice magic.
   Int:       It affects your intelligence (-5).
   Dex:       It affects your dexterity (+2).
   Slay:      It affects your accuracy & damage with ranged weapons and melee
   (+2).
   rF:        It makes you vulnerable to fire.
   rC:        It protects you from cold.
   Will:      It increases your willpower.
 n - a ring of protection from cold
 D - a ring of see invisible (left hand)
 M - the amulet of Yfoacoc {Harm rN+ Regen+ Int-2 Slay+4}
   (You found it on level 9 of the Dungeon)

   [amulet of regeneration]

   Int:       It affects your intelligence (-2).
   Slay:      It affects your accuracy & damage with ranged weapons and melee
   (+4).
   rN:        It protects you from negative energy.
   Regen:     It increases your rate of health regeneration.
   Harm:      It increases damage dealt and taken.
 R - a ring of positive energy
Wands
 G - a wand of charming (6)
 K - a wand of iceblast (3)
 L - a wand of flame (8)
 P - a wand of light (1)
Scrolls
 e - 6 scrolls of teleportation
 g - a scroll of immolation
 i - a scroll of fear
 j - 4 scrolls of blinking
 k - 4 scrolls of fog
 r - a scroll of butterflies
 v - 5 scrolls of enchant weapon
 A - 4 scrolls of vulnerability
 H - 2 scrolls of magic mapping
 N - a scroll of torment
 O - 2 scrolls of brand weapon
 S - a scroll of silence
 W - a scroll of amnesia {unknown}
Potions
 d - 4 potions of might
 h - a potion of mutation
 o - 3 potions of brilliance
 w - a potion of flight
 z - 5 potions of curing
 B - 2 potions of magic
 E - 2 potions of lignification
 Q - a potion of resistance {unknown}


   Skills:
 + Level 12.6 Fighting
 - Level 5.0 Throwing
 - Level 7.0 Dodging
 - Level 3.0 Stealth
 - Level 10.4 Spellcasting
 - Level 7.0 Conjurations
 - Level 3.0 Hexes
 - Level 10.0 Summonings
 - Level 2.0 Translocations
 - Level 7.0 Fire Magic
 - Level 2.0 Air Magic
 - Level 3.0 Earth Magic
 - Level 5.0 Invocations


You had 8 spell levels left.
You knew the following spells:

 Your Spells              Type           Power      Damage    Failure   Level
a - Summon Small Mammal   Summ           100%       N/A       1%          1
b - Call Imp              Summ           65%        N/A       1%          2
c - Call Canine Familiar  Summ           65%        N/A       1%          3
d - Summon Lightning Spi  Summ/Air       49%        N/A       3%          4
e - Leda's Liquefaction   Hex/Erth       16%        N/A       11%         4
f - Fireball              Conj/Fire      27%        3d12      5%          5
g - Summon Forest         Summ/Tloc      24%        N/A       9%          5

Your spell library contained the following spells:

 Spells                   Type           Power      Damage    Failure   Level
 Foxfire                  Conj/Fire      100%       2x1d9     1%          1
 Inner Flame              Hex/Fire       44%        N/A       1%          3
 Summon Guardian Golem    Hex/Summ       52%        N/A       1%          3
 Flame Wave               Conj/Fire      54%        2d13      1%          4
 Sticky Flame             Conj/Fire      54%        2d7       1%          4
 Ensorcelled Hibernation  Hex/Ice        70%        N/A       3%          2
 Passwall                 Tmut/Erth      19%        N/A       3%          2
 Portal Projectile        Hex/Tloc       58%        N/A       3%          3
 Tukima's Dance           Hex            32%        N/A       3%          3
 Gell's Gravitas          Tloc           26%        N/A       4%          3
 Ignite Poison            Fire/Tmut/Pois 28%        N/A       4%          3
 Swiftness                Air            26%        N/A       4%          3
 Teleport Other           Tloc           26%        N/A       4%          3
 Summon Mana Viper        Hex/Summ       52%        N/A       7%          5
 Summon Cactus Giant      Summ           32%        N/A       9%          6
 Starburst                Conj/Fire      27%        6d9       30%         6
 Blade Hands              Tmut           7%         N/A       69%         5
 Dispersal                Tloc           13%        N/A       94%         6
 Ignition                 Fire           27%        3d9       100%        8


Dungeon Overview and Level Annotations

Branches:
Dungeon (11/15)            Temple (1/1) D:6            Lair (2/5) D:9
    Orc (0/2) D:10
  Swamp: Lair:2-3    Shoals: Lair:2-3     Snake: Lair:2-3    Spider: Lair:2-3

Altars:
Ashenzari
Cheibriados
Dithmenos
Elyvilon
Fedhas
Gozag
Hepliaklqana
Kikubaaqudgha
Makhleb
Nemelex Xobeh
Okawaru
Qazlal
Ru
Sif Muna
Trog
Uskayaw
Vehumet
Wu Jian
Xom
Yredelemnul
Zin
The Shining One

Shops:
D:2 [   D:5 :   D:10 *

Annotations:
D:10 2 runed translucent doors, exclusion: door
D:11 1 exclusion


Innate Abilities, Weirdness & Mutations

You are amphibious.
You cover ground slowly.
You can hop long distances.
You have an extended range of vision and can be seen from far away.


Message History

The death yak closely misses your dryad.
Your dryad hits the death yak.
A root smacks the death yak from below!
A tree reaches out and hits the fungus!
The death yak gores your dryad!! The death yak gores your dryad!
Your dryad barely misses the death yak.
The trees move their gnarly branches around.
The death yak is hit by a branch!
A tree reaches out and hits the fungus!
A nearby fungus withers and dies.
The death yak gores your dryad but does no damage.
The death yak gores your dryad!!
Your dryad dies!
Your dryad's corpse disappears in a puff of smoke!
The forest abruptly stops moving.
The death yak bellows!
The death yak bellows!
You feel less invigorated.
You feel less confused.
Really attack while wielding nothing?
Okay, then.
Your +0 dagger of venom begins to drip with poison!
b - a +0 dagger of venom (weapon)
The death yak misses you. The death yak completely misses you.
You hit the death yak.
The death yak is poisoned.
The death yak is almost dead.
The death yak completely misses you. The death yak gores you!!
* * * LOW HITPOINT WARNING * * *
You hit the death yak but do no damage.
The death yak is poisoned.
The death yak is heavily wounded.
The death yak gores you!
* * * LOW HITPOINT WARNING * * *
The death yak gores you!
* * * LOW HITPOINT WARNING * * *
Okay, then.
An electric hum fills the air.
The death yak barely misses you.
The death yak gores you but does no damage.
The death yak misses you. x2
The death yak attacks as you move away!
The death yak gores you but does no damage.
The death yak attacks as you move away! The death yak gores you!!
You die...

##.## #............#
#...# ####........##
##♣.#.# #..#......#
###...##♣♣ ####.....P#
#.#....#.#### ###.####
#♣#..♣....##.###♣ ###
#...............♣♣.##
......##.......Y......P##
#....#♣....♣...Y@8......#
#...# ##...~♣~~♣♣.....♣..
##.# ###.~≈≈~..........
#.. #♣~≈~...♣....... P.
♣..≈~~..........
#.#~~.~.......... ..
............... #
###............#
#......(.....#


You could see 2 death yaks and a friendly lightning spire (summoned).

Vanquished Creatures
  A centaur warrior (D:11)
  3 death yaks (Lair:2)
  A cane toad (Lair:2)
  An unseen horror (D:11)
  2 komodo dragons (Lair:1)
  2 trolls (D:10)
  A vampire (D:11)
  9 yaks
  A basilisk (Lair:1)
  A black bear (D:5)
  An ogre (D:5)
  2 wolves (Lair:1)
  5 centaurs (D:11)
  A phantom (D:3)
  A necrophage (D:5)
  2 scorpions
  4 bullfrogs
  A killer bee (D:8)
  A gnoll bouda (D:6)
  2 hounds
  2 iguanas
  2 gnolls
  3 adders
  A white imp (D:6)
  6 orcs
  A bat (D:3)
  3 endoplasms
  5 giant cockroaches
  2 hobgoblins
  A jackal (D:2)
  5 kobolds
  A ball python (D:2)
  A frilled lizard (D:3)
  2 goblins (D:2)
  A rat (D:2)
78 creatures vanquished.

Vanquished Creatures (collateral kills)
  2 catoblepae
  2 boulder beetles (D:11)
  2 two-headed ogres
  A death yak (Lair:2)
  A cyclops (D:11)
  2 black mambas
  A cane toad (Lair:1)
  A gargoyle (D:11)
  A rime drake (D:11)
  2 komodo dragons
  A troll (D:10)
  2 polar bears (D:11)
  A vampire (D:10)
  2 wyverns (D:9)
  37 yaks
  A basilisk (Lair:1)
  3 water moccasins
  5 orc warriors
  2 ice beasts
  A black bear (D:7)
  2 sky beasts
  3 ogres
  8 wolves
  6 centaurs (D:11)
  A phantom (D:6)
  5 bullfrogs
  2 kobold brigands (D:8)
  2 necrophages
  3 wights (D:8)
  8 killer bees
  An electric eel (D:7)
  2 howler monkeys
  2 hounds
  A jelly (D:7)
  2 gnoll boudas (D:7)
  2 orc priests (D:8)
  An iguana (D:6)
  6 orc wizards
  Robin (D:2)
  7 adders
  14 gnolls
  2 white imps
  2 worms
  2 dart slugs (D:2)
  11 orcs
  4 endoplasms
  3 giant cockroaches
  2 hobgoblins (D:1)
  5 jackals
  3 quokkas
  8 ball pythons
  3 bats
  2 frilled lizards
  18 goblins
  7 kobolds
  5 rats
226 creatures vanquished.

Vanquished Creatures (others)
  8 fungi
  25 plants
33 creatures vanquished.

Grand Total: 337 creatures vanquished

Notes
Turn   | Place    | Note
-------+----------+-------------------------------------------
     0 | D:1      | themarg the Barachi Summoner began the quest for the Orb.
     0 | D:1      | Reached XP level 1. HP: 13/13 MP: 3/3
   137 | D:1      | Reached skill level 5 in Summonings
   163 | D:1      | Reached XP level 2. HP: 19/19 MP: 1/5
   210 | D:1      | Learned a level 2 spell: Call Imp
   482 | D:1      | Reached XP level 3. HP: 24/24 MP: 1/7
   940 | D:1      | Upgraded the game from 0.30-a0-696-g2367cd04db to
                  | 0.30-a0-702-gdf48620a09
  1320 | D:2      | Noticed Robin
  1337 | D:2      | Reached XP level 4. HP: 13/30 MP: 5/8
  1348 | D:2      | Killed Robin
  1542 | D:2      | Found Ahuoxitt's Antique Armour Shop.
  2019 | D:3      | Reached XP level 5. HP: 33/35 MP: 3/10
  2085 | D:3      | Learned a level 3 spell: Call Canine Familiar
  2260 | D:3      | Found a faded altar of an unknown god.
  2358 | D:3      | Found a basalt altar of Yredelemnul.
  2471 | D:3      | Noticed a phantom
  2502 | D:3      | Killed a phantom
  2503 | D:3      | Reached skill level 1 in Hexes
  2503 | D:3      | Reached skill level 1 in Air Magic
  2909 | D:4      | You fall into a shaft and drop 1 floor!
  2909 | D:5      | Entered Level 5 of the Dungeon
  2923 | D:5      | Reached XP level 6. HP: 41/41 MP: 7/11
  3667 | D:5      | Found a burning altar of Makhleb.
  3754 | D:5      | Noticed a black bear
  3777 | D:5      | Killed a black bear
  3778 | D:5      | Reached XP level 7. HP: 46/46 MP: 1/14
  3795 | D:5      | Reached skill level 5 in Spellcasting
  4101 | D:5      | Reached XP level 8. HP: 52/52 MP: 10/15
  4149 | D:5      | Found Igemni's Book Shop.
  4480 | D:6      | Reached skill level 10 in Summonings
  4508 | D:6      | Found a staircase to the Ecumenical Temple.
  4516 | Temple   | Entered the Ecumenical Temple
  4692 | Temple   | Became a worshipper of Cheibriados the Contemplative
  4755 | D:6      | Found a hide-covered altar of Uskayaw.
  4768 | D:6      | Reached skill level 1 in Fighting
  4842 | D:6      | Reached skill level 2 in Fighting
  5042 | D:6      | Learned a level 4 spell: Summon Lightning Spire
  5069 | D:6      | Reached skill level 3 in Fighting
  5131 | D:6      | Reached skill level 4 in Fighting
  5162 | D:6      | Reached * piety under Cheibriados
  5535 | D:6      | Found a glowing golden altar of the Shining One.
  5811 | D:7      | Reached skill level 5 in Dodging
  5811 | D:7      | Reached XP level 9. HP: 67/67 MP: 8/16
  5815 | D:7      | Reached skill level 5 in Fighting
  5885 | D:7      | Identified the ring of the Frog {Ice Will+ Int-5 Dex+2
                  | Slay+2}
  6913 | D:7      | Reached skill level 6 in Fighting
  7282 | D:8      | Noticed a two-headed ogre
  7287 | D:8      | Killed a two-headed ogre
  7288 | D:8      | Reached skill level 7 in Fighting
  7398 | D:8      | Reached ** piety under Cheibriados
  7451 | D:8      | Reached XP level 10. HP: 77/79 MP: 11/22
  7563 | D:8      | Found a bloodstained altar of Trog.
  8005 | D:8      | Reached skill level 10 in Spellcasting
  8392 | D:9      | Reached skill level 1 in Earth Magic
  8443 | D:9      | Identified the amulet of Yfoacoc {Harm rN+ Regen+ Int-2
                  | Slay+4}
  8518 | D:9      | Noticed a two-headed ogre
  8533 | D:9      | Killed a two-headed ogre
  8534 | D:9      | Reached skill level 8 in Fighting
  8738 | D:9      | Reached skill level 9 in Fighting
  8744 | D:9      | Reached XP level 11. HP: 90/90 MP: 20/25
  8748 | D:9      | Reached *** piety under Cheibriados
  8749 | D:9      | Reached skill level 10 in Fighting
  8751 | D:9      | Reached skill level 1 in Throwing
  8825 | D:9      | Found a staircase to the Lair.
  8838 | D:9      | Reached skill level 1 in Invocations
  9401 | D:10     | Entered Level 10 of the Dungeon
  9415 | D:10     | Found a runed translucent door.
  9415 | D:10     | Found a runed translucent door.
  9415 | D:10     | Found a glowing silver altar of Zin.
  9415 | D:10     | Noticed a fire dragon
  9415 | D:10     | Noticed an ice dragon
  9415 | D:10     | Noticed a fire dragon
  9415 | D:10     | Found the +2 shield of Resistance {rF++ rC++ Will++}
  9416 | D:10     | Noticed an ice dragon
  9586 | D:10     | Found a staircase to the Orcish Mines.
 10004 | D:10     | Reached **** piety under Cheibriados
 10010 | D:10     | Learned a level 4 spell: Leda's Liquefaction
 10108 | D:10     | Found a blossoming altar of Fedhas.
 10110 | D:10     | Found a sparkling altar of Nemelex Xobeh.
 10179 | D:10     | Found Etuidd's Fire Supplies.
 10190 | D:10     | Bought a +1 helmet of fire resistance for 231 gold pieces
 10585 | D:5      | Bought a book of Fire for 330 gold pieces
 10797 | D:11     | Noticed a boulder beetle
 10803 | D:11     | Killed a boulder beetle
 10804 | D:11     | Reached skill level 5 in Throwing
 10988 | D:11     | Noticed a cyclops
 11041 | D:11     | Reached skill level 5 in Invocations
 11192 | D:11     | Noticed a boulder beetle
 11338 | D:11     | Reached skill level 1 in Conjurations
 11338 | D:11     | Reached skill level 1 in Fire Magic
 11580 | D:11     | Killed a boulder beetle
 11802 | D:11     | Killed a cyclops
 11897 | D:11     | Reached XP level 12. HP: 97/97 MP: 22/26
 12026 | D:11     | Noticed a centaur warrior
 12041 | D:11     | Killed a centaur warrior
 12042 | D:11     | Reached skill level 5 in Conjurations
 12042 | D:11     | Reached skill level 5 in Fire Magic
 12393 | Lair:1   | Entered Level 1 of the Lair of Beasts
 12698 | Lair:1   | Noticed a catoblepas
 12704 | Lair:1   | Killed a catoblepas
 13007 | Lair:1   | Reached ***** piety under Cheibriados
 13270 | Lair:1   | Identified the +4 scale mail "Riufusm" {Str+8 Int-5 Dex+2}
 13509 | Lair:1   | Learned a level 5 spell: Fireball
 13515 | Lair:1   | Learned a level 5 spell: Summon Forest
 13646 | Lair:1   | Reached skill level 11 in Fighting
 13648 | Lair:1   | Reached skill level 1 in Translocations
 13740 | Lair:1   | Identified the +0 robe of Ceduoqis {rPois rF- Str+3}
 14093 | Lair:2   | Noticed a catoblepas
 14146 | Lair:2   | Killed a catoblepas
 14298 | Lair:2   | Noticed a death yak
 14299 | Lair:2   | Noticed a death yak
 14299 | Lair:2   | Noticed a death yak
 14302 | Lair:2   | Noticed a death yak
 14303 | Lair:2   | Noticed a death yak
 14303 | Lair:2   | Noticed a death yak
 14310 | Lair:2   | Killed a death yak
 14311 | Lair:2   | Gained mutation: You can hop long distances. [Barachi
                  | growth]
 14311 | Lair:2   | Reached XP level 13. HP: 80/107 MP: 9/27
 14324 | Lair:2   | Reached skill level 12 in Fighting
 14356 | Lair:2   | Mangled by a death yak

Illustrated notes

Levels and vault maps discovered:
D:1:      roderic_crop_circles_arrival_small, layout_rooms
D:2:      layout_loops_cross, serial_shops, shop, uniq_robin
D:3:      layout_basic, mainiacjoe_overflow_tiny_flanked,
          hellmonk_ecumenical_altar_defaced_shrine
D:4:      layout_rooms
D:5:      layout_cave_pools, marbit_many_paths, serial_shops, shop_fountains,
          hangedman_abyss_or_decor_passed
D:6:      layout_basic, nicolae_tso_carved_into_rock, lemuel_crystal_altar,
          minmay_temple_entry_offerings, ebering_dispersal_statue_hall,
          minmay_misc_feat_doors, grunt_ministairs_13
D:7:      layout_layer_cave, lightli_minifort
D:8:      layout_loops_ring, trog_three_pillars_becter,
          minmay_unpleasant_kobolds
D:9:      layout_long_grid, david_lair_shrubbed
D:10:     layout_irregular_city, grunt_temple_overflow_open,
          overflow_temple_1_default, david_orc_2, nicolae_shop_fire_sale
          [nicolae_sub_dead_trees], grunt_decor_resistance,
          minmay_guarded_unrand_resistance
D:11:     layout_basic, portal_ice_cave_entry_animals_and_master
Temple:   eino_narrow_crystal_temple
Lair:1:   layout_regular_city, chequers_serial_rivers_small_3,
          serial_bayou_shore_b, grunt_megastairs_1
Lair:2:   layout_cave_pods, minmay_swamp_entry_wisps,
          chequers_serial_rivers_room_b

Skill      XL: |  1  2  3  4  5  6  7  8  9 10 11 12 13 |
---------------+----------------------------------------+-----
Stealth        | 2 3 |  3.0
Summonings     | 5 6 7 9 10 | 10.0
Spellcasting   | 3 4 5 8 10 | 10.4
Hexes          | 1 2 3 |  3.0
Air Magic      | 1 2 |  2.0
Fighting       | 4 7 9 10 11 12 | 12.6
Dodging        | 5 6 7 |  7.0
Earth Magic    | 2 3 |  3.0
Throwing       | 5 |  5.0
Invocations    | 5 |  5.0
Conjurations   | 4 7 |  7.0
Fire Magic     | 4 7 |  7.0
Translocations | 2 |  2.0

Action                   |  1- 3 |  4- 6 |  7- 9 | 10-12 | 13-15 || total
-------------------------+-------+-------+-------+-------+-------++-------
Melee: Unarmed           |    13 |     3 |       |       |    20 ||    36
       Dagger            |     1 |       |       |       |     2 ||     3
 Fire: Sling             |    24 |    69 |    72 |   196 |       ||   361
Throw: Dart              |       |       |    10 |    11 |       ||    21
 Cast: Summon Small Mamm |    41 |    35 |    14 |     2 |       ||    92
       Call Imp          |    13 |    16 |     9 |       |       ||    38
       Call Canine Famil |       |    13 |    23 |    48 |       ||    84
       Summon Lightning  |       |       |    15 |    65 |     2 ||    82
       Leda's Liquefacti |       |       |       |     5 |       ||     5
       Summon Forest     |       |       |       |     5 |     1 ||     6
       Fireball          |       |       |       |     1 |     1 ||     2
Invok: Bend Time         |       |       |       |     1 |       ||     1
       Slouch            |       |       |       |     1 |       ||     1
 Abil: Hop               |     1 |     3 |       |     6 |     2 ||    12
Evoke: Wand              |       |       |       |     2 |     4 ||     6
  Use: Scroll            |       |    13 |     7 |     5 |     1 ||    26
       Potion            |       |       |       |       |     3 ||     3
 Stab: Distracted        |     1 |       |       |       |       ||     1
       Invisible         |       |       |       |       |     1 ||     1
Armor: Robe              |     5 |    12 |     4 |    13 |     2 ||    36
       Skin              |       |       |       |       |    21 ||    21
Dodge: Dodged            |    26 |    38 |    22 |    76 |    13 ||   175

Table legend: (Time is in decaauts)
 A = Elapsed time spent in this place.
 B = Non-inter-level travel time spent in this place.
 C = Inter-level travel time spent in this place.
 D = Time resting spent in this place.
 E = Time spent auto-exploring this place.
 F = Levels seen in this place.
 G = Mean time per level.
                   A        B        C        D        E       F      G
               +--------+--------+--------+--------+--------+-----+--------+
         Total |  19937 |  18214 |   1723 |    508 |  15129 |  14 | 1424.1 |
       Dungeon |  17114 |  15546 |   1568 |    506 |  12947 |  11 | 1555.8 |
        Temple |    223 |    199 |     24 |      0 |    171 |   1 |  223.0 |
          Lair |   2600 |   2469 |    131 |      2 |   2010 |   2 | 1300.0 |
               +--------+--------+--------+--------+--------+-----+--------+

Top non-repeatable levels by time:
     D:7: 2529 daAuts
    D:11: 2356 daAuts
  Lair:1: 2286 daAuts
    D:10: 1949 daAuts
     D:8: 1812 daAuts
     D:9: 1805 daAuts
     D:6: 1580 daAuts
     D:3: 1242 daAuts
     D:5: 1085 daAuts
     D:2: 1064 daAuts
     D:1: 1034 daAuts
     D:4: 655 daAuts
  Lair:2: 313 daAuts
  Temple: 223 daAuts
